 Dungeon Crawl Stone Soup version 0.22-a0-246-gdc04c06 (webtiles) character file.

2914 wolfsongas the Fighter (level 9, 0/66 HPs)
             Began as a Gnoll Wanderer on Feb 23, 2018.
             Was an Initiate of Gozag.
             Slain by a hog (7 damage)
             ... on level 7 of the Dungeon.
             The game lasted 00:14:00 (6907 turns).

wolfsongas the Fighter (Gnoll Wanderer)             Turns: 6907, Time: 00:14:00

Health: 0/66       AC:  8    Str: 19    XL:     9   Next: 78%
Magic:  24/24      EV: 14    Int: 12    God:    Gozag
Gold:   310        SH:  2    Dex: 19    Spells: 17/17 levels left

rFire    . . .     SeeInvis .   c - +0 dagger (venom)
rCold    . . .     Gourm    .   (no shield)
rNeg     . . .     Faith    .   b - +0 ring mail
rPois    +         Spirit   .   (helmet restricted)
rElec    .         Reflect  +   t - scarf {cloud immunity}
rCorr    .         Harm     .   o - +1 pair of gloves {Dex+3}
MR       .....                  (no boots)
Stlth    +++.......             r - +2 amulet of reflection
HPRegen  0.21/turn              j - ring of magical power
MPRegen  0.19/turn              l - ring of poison resistance

@: no status effects
A: distributed training, fangs 1, horns 1, deterioration 1, frail 1, sense
surroundings 1, strong nose
a: Potion Petition, Call Merchant, Bribe Branch, Renounce Religion


You were on level 7 of the Dungeon.
You worshipped Gozag.
Gozag was aware of your devotion.
You were not hungry.

You visited 2 branches of the dungeon, and saw 8 of its levels.

You collected 591 gold pieces.
You spent 224 gold pieces at shops.
You paid 57 gold pieces to Gozag.

Inventory:

Hand Weapons
 c - a +0 dagger of venom (weapon)
Armour
 b - a +0 ring mail (worn)
 o - a +1 pair of gloves of dexterity (worn)
 p - a +0 plate armour
 t - a scarf of cloud immunity (worn)
Jewellery
 j - a ring of magical power (left hand)
 l - a ring of poison resistance (right hand)
 r - a +2 amulet of reflection (around neck)
Wands
 n - a wand of iceblast (7)
 q - a wand of polymorph (9)
 s - a wand of acid (4)
Scrolls
 d - a scroll of enchant weapon
 i - 5 scrolls of remove curse
 k - a scroll of enchant armour
 m - 3 scrolls of identify
Potions
 a - a potion of magic
 g - 2 potions of resistance
Comestibles
 f - 15 rations


   Skills:
 + Level 8.0 Fighting
 + Level 5.2 Short Blades
 + Level 4.5 Long Blades
 + Level 6.5 Axes
 + Level 4.5 Maces & Flails
 + Level 4.5 Polearms
 + Level 4.5 Staves
 + Level 4.5 Slings
 + Level 4.5 Bows
 + Level 4.5 Crossbows
 + Level 4.5 Throwing
 + Level 5.2 Armour
 + Level 5.2 Dodging
 + Level 5.1 Stealth
 + Level 5.2 Shields
 + Level 4.5 Unarmed Combat
 + Level 4.5 Spellcasting
 + Level 3.7 Conjurations
 + Level 3.7 Hexes
 + Level 3.7 Charms
 + Level 3.7 Summonings
 + Level 3.7 Necromancy
 + Level 3.7 Translocations
 + Level 3.7 Transmutations
 + Level 3.7 Fire Magic
 + Level 3.7 Ice Magic
 + Level 3.7 Air Magic
 + Level 3.7 Earth Magic
 + Level 3.7 Poison Magic
 + Level 5.0 Invocations
 + Level 4.5 Evocations


You had 17 spell levels left.
You didn't know any spells.

Dungeon Overview and Level Annotations

Branches:
Dungeon (7/15)             Temple (1/1) D:5

Altars:
Ashenzari
Dithmenos
Elyvilon
Fedhas
Gozag
Hepliaklqana
Kikubaaqudgha
Makhleb
Nemelex Xobeh
Okawaru
Qazlal
Ru
Trog
Uskayaw
Vehumet
Xom
The Shining One

Shops:
D:4 [


Innate Abilities, Weirdness & Mutations

Your experience applies equally to all skills.
You have very sharp teeth.
Your uncanny sense of smell can sniff out nearby items.
You have a pair of small horns on your head.
Your body sometimes deteriorates upon taking damage.
You are frail. (-10% HP)
You passively map a small area around you.


Message History

The yak is lightly wounded.
The yak gores you but does no damage.
You hit the yak.
The yak looks as sick as possible!
You headbutt the yak.
The yak is moderately wounded.
The yak gores you.
You see here a ring mail.
You hit the hog.
The hog is poisoned.
You headbutt the hog, but do no damage.
The hog is heavily wounded.
The hog bites you! The hog bites you.
* * * LOW HITPOINT WARNING * * *
You see here a ring mail.
The hog closely misses you. The hog bites you.
* * * LOW HITPOINT WARNING * * *
The hog bites you!
* * * LOW HITPOINT WARNING * * *
The hog bites you!
You die...
Your body crumbles into a pile of gold.

#### #... #...
######################
#....@................ #####
#..Yh####.......######
....########..p.# #.......#
#..
.>..............####.......#
#..
....########.####.#.###..###
#.. ....# #.[# #.#.## #..#
#.. ....#######..# ##.#.#
#..# #..
.............###.#.####.##
#..
................####....#
#..


You could see a yak, a hog and a human.

Vanquished Creatures
  The ghost of kylix the Grappler, a novice VSMo of Cheibriados (D:7)
  Grinder (D:4)
  Sigmund (D:2)
  2 hogs (D:7)
  Menkaure (D:5)
  Edmund (D:6)
  An orc warrior (D:6)
  An ogre (D:7)
  2 big kobolds (D:7)
  Blork the orc (D:5)
  4 bullfrogs (D:6)
  A scorpion (D:4)
  A howler monkey (D:6)
  3 crimson imps
  A hound (D:4)
  A centaur zombie (D:7)
  2 jellies
  Jessica (D:3)
  4 iguanas
  9 orc wizards
  6 worker ants
  2 hound skeletons (D:4)
  3 gnolls (D:3)
  8 adders
  2 adder zombies (D:6)
  2 adder skeletons (D:4)
  5 worms
  5 dart slugs
  2 leopard geckos
  17 orcs
  4 giant cockroaches
  8 goblins
  12 hobgoblins
  4 jackals (D:4)
  9 kobolds
  5 quokkas
  2 ball pythons
  4 bats
  6 frilled lizards
  8 rats
153 creatures vanquished.

Notes
Turn   | Place    | Note
-------+----------+-------------------------------------------
     0 | D:1      | wolfsongas the Gnoll Wanderer began the quest for the Orb.
     0 | D:1      | wolfsongas set off with: a +2 leather armour, a +0 ring mail, a potion of curing, a +0 dagger, a ration
     0 | D:1      | Reached XP level 1. HP: 23/23 MP: 1/1
   204 | D:1      | Reached XP level 2. HP: 29/29 MP: 2/2
   508 | D:1      | Reached XP level 3. HP: 31/35 MP: 3/3
   647 | D:2      | Found a radiant altar of Vehumet.
   647 | D:2      | Noticed Sigmund
   655 | D:2      | Gained mutation: You are frail. (-10% HP) [potion of mutation]
   655 | D:2      | Gained mutation: Your magical capacity is low. (-10% MP) [potion of mutation]
   655 | D:2      | Gained mutation: Your muscles are strong. (Str +2) [potion of mutation]
   655 | D:2      | Gained mutation: You are partially covered in rugged brown scales. (AC +1, +3% HP) [potion of mutation]
   658 | D:2      | Reached skill level 1 in Long Blades
   658 | D:2      | Reached skill level 1 in Maces & Flails
   658 | D:2      | Reached skill level 1 in Polearms
   658 | D:2      | Reached skill level 1 in Staves
   658 | D:2      | Reached skill level 1 in Slings
   658 | D:2      | Reached skill level 1 in Bows
   658 | D:2      | Reached skill level 1 in Crossbows
   658 | D:2      | Reached skill level 1 in Throwing
   658 | D:2      | Reached skill level 1 in Unarmed Combat
   658 | D:2      | Reached skill level 1 in Spellcasting
   658 | D:2      | Reached skill level 1 in Invocations
   658 | D:2      | Reached skill level 1 in Evocations
   658 | D:2      | Reached XP level 4. HP: 27/38 MP: 3/5
   667 | D:2      | Found an ancient bone altar of Kikubaaqudgha.
   681 | D:2      | Killed Sigmund
   681 | D:2      | Reached skill level 1 in Conjurations
   681 | D:2      | Reached skill level 1 in Hexes
   681 | D:2      | Reached skill level 1 in Charms
   681 | D:2      | Reached skill level 1 in Summonings
   681 | D:2      | Reached skill level 1 in Necromancy
   681 | D:2      | Reached skill level 1 in Translocations
   681 | D:2      | Reached skill level 1 in Transmutations
   681 | D:2      | Reached skill level 1 in Fire Magic
   681 | D:2      | Reached skill level 1 in Ice Magic
   681 | D:2      | Reached skill level 1 in Air Magic
   681 | D:2      | Reached skill level 1 in Earth Magic
   681 | D:2      | Reached skill level 1 in Poison Magic
   681 | D:2      | Reached XP level 5. HP: 33/43 MP: 4/6
   681 | D:2      | Reached XP level 6. HP: 37/49 MP: 4/7
   717 | D:2      | Lost mutation: Your muscles are strong. (Str +2) [potion of mutation]
   717 | D:2      | Lost mutation: You are frail. (-10% HP) [potion of mutation]
   717 | D:2      | Lost mutation: You are partially covered in rugged brown scales. (AC +1, +3% HP) [potion of mutation]
   717 | D:2      | Lost mutation: Your magical capacity is low. (-10% MP) [potion of mutation]
   717 | D:2      | Gained mutation: You are frail. (-10% HP) [potion of mutation]
   717 | D:2      | Gained mutation: You passively map a small area around you. [potion of mutation]
   717 | D:2      | Gained mutation: Your body sometimes deteriorates upon taking damage. [potion of mutation]
   717 | D:2      | Gained mutation: You have a pair of small horns on your head. [potion of mutation]
   881 | D:2      | Found a faded altar of an unknown god.
   946 | D:2      | You fall through a shaft!
  1122 | D:3      | Found a hazy altar of Hepliaklqana.
  1125 | D:3      | Found a shadowy altar of Dithmenos.
  1126 | D:3      | Found a blossoming altar of Fedhas.
  1505 | D:3      | Noticed Jessica
  1509 | D:3      | Killed Jessica
  1509 | D:3      | Reached skill level 5 in Axes
  2033 | D:2      | Found a bloodstained altar of Trog.
  2452 | D:4      | Reached XP level 7. HP: 45/53 MP: 10/10
  2702 | D:4      | Noticed Grinder
  2731 | D:4      | Killed Grinder
  2731 | D:4      | Reached skill level 7 in Fighting
  2822 | D:4      | Found a stormy altar of Qazlal.
  2931 | D:4      | Found Desoatoj's Antique Armour Emporium.
  3153 | D:4      | Reached XP level 8. HP: 46/60 MP: 12/12
  3471 | D:5      | Entered Level 5 of the Dungeon
  3520 | D:5      | Noticed Blork the orc
  3534 | D:5      | Killed Blork the orc
  3548 | D:5      | Found a staircase to the Ecumenical Temple.
  3583 | D:5      | Noticed Menkaure
  3597 | D:5      | HP: 3/60 [Menkaure (13)]
  3601 | D:5      | Killed Menkaure
  3993 | Temple   | Entered the Ecumenical Temple
  4102 | Temple   | Became a worshipper of Gozag Ym Sagoz the Greedy
  4617 | D:6      | HP: 2/60 [orc warrior/enchanted war axe (20)]
  5097 | D:6      | Reached XP level 9. HP: 27/64 MP: 14/14
  5417 | D:6      | Noticed a hand axe
  5418 | D:6      | Noticed a hand axe
  5421 | D:6      | Found a hide-covered altar of Uskayaw.
  5458 | D:6      | Noticed Edmund
  5473 | D:6      | Killed Edmund
  6127 | D:4      | Bought an embroidered scarf for 224 gold pieces
  6660 | D:7      | Noticed kylix's ghost (novice VSMo)
  6671 | D:7      | Killed kylix's ghost
  6671 | D:7      | Reached skill level 5 in Short Blades
  6671 | D:7      | Reached skill level 5 in Armour
  6671 | D:7      | Reached skill level 5 in Dodging
  6671 | D:7      | Reached skill level 5 in Stealth
  6671 | D:7      | Reached skill level 5 in Shields
  6878 | D:7      | Reached skill level 8 in Fighting
  6880 | D:7      | Reached skill level 5 in Invocations
  6907 | D:7      | Slain by a hog

Vault maps used:
D:1:      lemuel_arrival_lava_pool, minmay_misc_feat_room, supply_closet_lemuel,
          dk_noncrumbling_3
D:2:      fiery_altar_vehumet, old_standard_altar, lemuel_crystal_altar,
          chequers_ecumenical_altar_twisty, uniq_sigmund
D:3:      grunt_temple_overflow_open, first_ration, uniq_jessica
D:4:      minmay_opposing_rooms, grunt_qazlal_sundering, serial_shops, shop,
          uniq_grinder
D:5:      minmay_temple_entry_enclosed_plants, uniq_blork_the_orc, uniq_menkaure
D:6:      hangedman_cross_stitches, dancing_weapons_uskayaw, uniq_edmund
D:7:      zin_statuary, kennysheep_mini_moat, serial_corexii_hall,
          corexii_hall_statues_l, corexii_hall_statues_x, st_stairs_5,
          grunt_livestock, minivault_24
Temple:   nicolae_temple_figure_zero

Skill      XL: |  1  2  3  4  5  6  7  8  9 |
---------------+----------------------------+-----
Long Blades    | 1 2 3 4 |  4.5
Maces & Flails | 1 2 3 4 |  4.5
Polearms       | 1 2 3 4 |  4.5
Staves         | 1 2 3 4 |  4.5
Slings         | 1 2 3 4 |  4.5
Bows           | 1 2 3 4 |  4.5
Crossbows      | 1 2 3 4 |  4.5
Throwing       | 1 2 3 4 |  4.5
Unarmed Combat | 1 2 3 4 |  4.5
Spellcasting   | 1 2 3 4 |  4.5
Invocations    | 1 2 3 4 5 |  5.0
Evocations     | 1 2 3 4 |  4.5
Short Blades   | 3 4 5 |  5.2
Armour         | 3 4 5 |  5.2
Dodging        | 3 4 5 |  5.2
Shields        | 3 4 5 |  5.2
Conjurations   | 1 2 3 |  3.7
Hexes          | 1 2 3 |  3.7
Charms         | 1 2 3 |  3.7
Summonings     | 1 2 3 |  3.7
Necromancy     | 1 2 3 |  3.7
Translocations | 1 2 3 |  3.7
Transmutations | 1 2 3 |  3.7
Fire Magic     | 1 2 3 |  3.7
Ice Magic      | 1 2 3 |  3.7
Air Magic      | 1 2 3 |  3.7
Earth Magic    | 1 2 3 |  3.7
Poison Magic   | 1 2 3 |  3.7
Stealth        | 3 4 5 |  5.1
Axes           | 5 6 |  6.5
Fighting       | 7 8 |  8.0

Action                   |  1- 3 |  4- 6 |  7- 9 || total
-------------------------+-------+-------+-------++-------
Melee: Dagger            |    95 |   178 |   343 ||   616
       Bite              |     9 |    25 |    55 ||    89
       Headbutt          |       |    42 |   121 ||   163
       Punch             |       |     3 |    11 ||    14
Invok: Potion Petition   |       |       |     1 ||     1
Evoke: Wand              |       |       |     5 ||     5
  Use: Scroll            |     2 |     4 |     7 ||    13
       Potion            |     3 |     2 |     5 ||    10
 Stab: Sleeping          |     3 |     3 |     8 ||    14
       Invisible         |     1 |     3 |       ||     4
       Distracted        |       |       |     3 ||     3
  Eat: Chunk             |       |     4 |     2 ||     6
       Ration            |       |     1 |     3 ||     4
Armor: Leather armour    |    38 |     1 |       ||    39
       Ring mail         |       |    35 |    66 ||   101
Dodge: Dodged            |    89 |    82 |   174 ||   345
Block: Other             |       |       |     2 ||     2

Table legend:
 A = Spawn XP
 B = Non-spawn XP
 C = Spawn XP percentage of total XP
 D = Spawn monster count
 E = Non-spawn monster count
 F = Spawn count percentage of total count
 G = Total turns spent on level
                    A         B        C        D         E        F      G
               +---------+---------+-------+---------+---------+-------+---------
         Total |       0 |    4163 |   0.0 |       0 |     153 |   0.0 |  6907
               +---------+---------+-------+---------+---------+-------+---------
           D:1 |       0 |      39 |   0.0 |       0 |      22 |   0.0 |   647
           D:2 |       0 |     309 |   0.0 |       0 |      11 |   0.0 |   481
           D:3 |       0 |     157 |   0.0 |       0 |      36 |   0.0 |  1003
           D:4 |       0 |     791 |   0.0 |       0 |      30 |   0.0 |  1779
           D:5 |       0 |     446 |   0.0 |       0 |      14 |   0.0 |   826
           D:6 |       0 |    1000 |   0.0 |       0 |      20 |   0.0 |  1461
           D:7 |       0 |    1421 |   0.0 |       0 |      20 |   0.0 |   590
               +---------+---------+-------+---------+---------+-------+---------
